 Dungeon Crawl Stone Soup version 0.26.1-11-gd32895ea62 (webtiles) character file.

Game seed: 14203035064841330957

42 H0rd4k the Insei (level 3, 0/23 HPs)
             Began as an Octopode Transmuter on Apr 30, 2021.
             Slain by a gnoll
             ... wielding a +0 spear
              (9 damage)
             ... on level 2 of the Dungeon.
             The game lasted 00:01:14 (1290 turns).

H0rd4k the Insei (Octopode Transmuter)              Turns: 1290, Time: 00:01:14

Health: 0/23       AC:  1    Str:  9    XL:     3   Next: 54%
Magic:  6/6        EV: 13    Int: 16    God:
Gold:   86         SH:  0    Dex: 12    Spells: 5/6 levels left

rFire    . . .     SeeInvis .     - Unarmed
rCold    . . .     Faith    .   (no shield)
rNeg     . . .     Spirit   .   (helmet restricted)
rPois    .         Reflect  .   (no amulet)
rElec    .         Harm     .   (no ring)
rCorr    .         Rampage  .   (no ring)
Will     .....                  (no ring)
Stlth    ++........             (no ring)
HPRegen  0.07/turn              (no ring)
MPRegen  0.10/turn              (no ring)
                                (no ring)
                                (no ring)

@: no status effects
A: almost no armour, stealthy swim, amphibious, 8 rings, constrict 8, camouflage
1, gelatinous body 1
a: no special abilities


You were on level 2 of the Dungeon.
You visited 1 branch of the dungeon, and saw 2 of its levels.

You collected 86 gold pieces.

Inventory:

Missiles
 k - 5 curare-tipped darts (quivered)
Scrolls
 a - a scroll of random uselessness {unknown}
 b - a scroll of enchant armour {unknown}
 c - 3 scrolls of teleportation {unknown}
 g - 2 scrolls of remove curse {unknown}
 j - a scroll of fear {unknown}
 l - a scroll of identify {unknown}
Potions
 d - a potion of might {unknown}
 e - a potion of heal wounds {unknown}
 f - a potion of curing {unknown}
 h - a potion of mutation {unknown}
 i - a potion of degeneration {unknown}
 m - a potion of flight {unknown}
 n - a potion of cancellation {unknown}
 o - a potion of resistance {unknown}


   Skills:
 + Level 1.0 Fighting
 + Level 2.2 Dodging
 + Level 0.6 Stealth
 + Level 3.9 Unarmed Combat
 + Level 2.2 Spellcasting
 + Level 2.2 Transmutations


You had 5 spell levels left.
You knew the following spells:

 Your Spells              Type           Power        Failure   Level
a - Beastly Appendage     Tmut           18%          9%          1

Your spell library contained the following spells:

 Spells                   Type           Power        Failure   Level
 Wereblood                Tmut           9%           12%         2
 Spider Form              Tmut/Pois      2%           36%         3
 Ice Form                 Ice/Tmut       5%           77%         4
 Blade Hands              Tmut           4%           92%         5


Dungeon Overview and Level Annotations

Branches:
Dungeon (2/15)

Altars:
Kikubaaqudgha
Okawaru


Innate Abilities, Weirdness & Mutations

You cannot wear most types of armour.
You are very stealthy in the water. (Stealth+)
You are amphibious.
You can wear up to eight rings at the same time.
You can use your tentacles to constrict eight enemies at once.
Your skin changes colour to match your surroundings (Stealth+).
Your rubbery body absorbs attacks. (AC +1, EV +1)


Message History

The gnoll is lightly wounded.
You constrict the gnoll, but do no damage.
The gnoll completely misses you.
The gnoll hits you from afar with a +0 spear.
You tentacle-slap the gnoll.
The gnoll is heavily wounded.
You constrict the gnoll. The gnoll hits you with a +0 club!
You release your grip on the gnoll.
Your transformation is almost over.
Your tentacle spike disappears.
You open the door. The gnoll closely misses you.
The gnoll hits you from afar with a +0 spear.
There is an open door here.
Found 7 gold pieces.
Found 7 gold pieces.
You see here a ring mail.
There is a stone staircase leading up here.
The gnoll misses you.
The gnoll hits you from afar with a +0 spear!
You die...

#.####.##.# ###'#####+###
....##.##.# #######.# #.#
....##.... ........## #.# ....#
#........# #.# ....## +........#
#.# .....# #........####.# .....#
+........'....####
.....###########<.......##.......
.....'....gg...#@.......##.######
.....#########g#g.......##.#
###### #g#g.....(.##.# #
#.#...........# .
####.#.#g.......######### .
..$......................#
#...........#####.######.#
#...............#.#....#.#
#............##.#.#.##.#.#


You could see 3 gnolls.

Vanquished Creatures
  An adder (D:2)
  A leopard gecko (D:1)
  5 bats
  4 giant cockroaches
  6 goblins
  2 hobgoblins
  3 jackals (D:1)
  4 frilled lizards
  2 kobolds (D:1)
  3 rats (D:1)
31 creatures vanquished.

Notes
Turn   | Place    | Note
-------+----------+-------------------------------------------
     0 | D:1      | H0rd4k the Octopode Transmuter began the quest for the Orb.
     0 | D:1      | Reached XP level 1. HP: 13/13 MP: 3/3
   115 | D:1      | Reached XP level 2. HP: 18/18 MP: 5/5
   678 | D:1      | Reached XP level 3. HP: 23/23 MP: 6/6
   753 | D:1      | Found an iron altar of Okawaru.
  1184 | D:2      | Found an ancient bone altar of Kikubaaqudgha.
  1290 | D:2      | Slain by a gnoll

Illustrated notes

Levels and vault maps discovered:
D:1:      dpeg_arrival_pits, layout_basic, st_stairs_6, chequers_mini_garden,
          kennysheep_pointless_box, okawaru_ov_weapons_minmay
D:2:      layout_basic, kiku_gazebo_garden_becter,
          gammafunk_temple_overflow_pools

Action                   || total
-------------------------++-------
Melee: Unarmed           ||    60
       Constrict         ||    20
       Tentacles         ||     8
Throw: Dart              ||     1
 Cast: Beastly Appendage ||     1
 Stab: Sleeping          ||     6
Armor: Skin              ||     4
Dodge: Dodged            ||    36
